Map: Dash and Terminal LE (Void)

Players

Stannis - Winner!

  • Race: Zerg Zerg
  • League: Diamond

LeeLee

  • Race: Terran Terran
  • League: Diamond

VOD

Have the link to the VOD?

Description

Time

  • Played on: Oct. 18, 2015, 12:36 a.m.
  • Length: 16:27
Show
View Real Time Build Order
Export as new Build Order

Stannis Zerg - Winner!

Build Orders: Hatch First, Muta Ling Bane 

Get SALT Encoding   

  12  0:01  Drone  
  13  0:13  Overlord  
  13  0:17  Drone  
  14  0:31  Drone  
  14  0:32  Drone  
  16  0:35  Drone  
  17  0:53  Hatchery  
  17  0:55  Drone  
  17  1:00  Drone  
  18  1:13  Spawning Pool  
  18  1:15  Drone  
  18  1:17  Extractor  
  17  1:19  Drone  
  18  1:29  Drone  
  19  1:39  Overlord  
  19  1:59  Queen  
  19  2:00  Zergling x2  
  22  2:02  Zergling x2  
  22  2:06  Queen  
  25  2:08  Zergling x2  
  26  2:17  Drone x2  
  26  2:22  Metabolic Boost  
  28  2:28  Drone  
  28  2:29  Drone  
  30  2:38  Queen  
  30  2:41  Queen  
  33  2:45  Overlord  
  33  2:53  Drone x2  
  35  3:01  Overlord  
  35  3:09  Drone x4  
  35  3:10  Drone  
  40  3:16  Lair  
  40  3:19  Drone  
  41  3:21  Drone  
  41  3:24  Drone  
  41  3:25  Drone  
  44  3:30  Overlord  
  44  3:32  Drone  
  45  3:34  Drone  
  45  3:36  Extractor  
  45  3:38  Extractor  
  44  3:44  Drone  
  44  3:45  Drone x2  
  47  3:54  Drone x6  
  53  3:58  Extractor  
  53  4:01  Overlord  
  52  4:03  Zergling x2  
  53  4:11  Queen  
  53  4:12  Overlord  
  55  4:18  Spire  
  55  4:19  Drone  
  55  4:36  Drone  
  55  4:37  Drone x3  
  59  4:39  Drone  
  59  4:43  Hatchery  
  59  4:44  Overseer  
  59  4:53  Drone x2  
  59  4:56  Zergling x6  
  59  4:57  Zergling x4  
  66  5:04  Zergling x2  
  66  5:05  Zergling x2  
  68  5:12  Evolution Chamber  
  68  5:13  Evolution Chamber, Baneling Nest  
  64  5:18  Drone x4  
  62  5:28  Drone  
  62  5:29  Drone x3  
  65  5:49  Mutalisk x6  
  65  5:53  Overlord  
  65  5:55  Zerg Flyer Weapons Level 1  
  73  6:02  Zerg Ground Armor Level 1, Zerg Melee Weapons Level 1  
  73  6:03  Drone  
  73  6:04  Drone  
  69  6:19  Drone x7  
  76  6:28  Zergling x8  
  80  6:44  Zergling x10  
  80  6:45  Zergling x4  
  80  6:46  Overseer  
  87  6:47  Pneumatized Carapace  
  87  6:48  Overseer  
  87  6:57  Mutalisk  
  87  6:59  Overlord x5  
  89  7:15  Baneling x3  
  89  7:16  Baneling x5  
  89  7:18  Mutalisk x4  
  89  7:20  Zergling x8  
  101  7:26  Zergling x4  
  101  7:28  Baneling x6  
  103  7:39  Zergling x14  
  103  7:40  Zergling x6  
  113  7:45  Overlord x2  
  113  7:53  Zergling x4  
  106  8:28  Zergling x24  
  106  8:29  Zergling x8  
  122  8:34  Zerg Melee Weapons Level 2  
  122  8:35  Zerg Ground Armor Level 2  
  122  8:46  Zergling x14  
  122  8:48  Overlord x2  
  129  8:49  Baneling x2  
  129  8:50  Baneling x16  
  129  8:57  Overseer  
  129  9:03  Baneling x4  
  129  9:11  Zergling x12  
  129  9:12  Zergling x4  
  129  9:14  Baneling x5  
  107  9:33  Centrifical Hooks  
  107  9:38  Zergling x22  
  101  9:39  Zergling x4  
  112  9:53  Zergling x12  
  112  9:55  Baneling x11  
  112  9:57  Hatchery  
  112  9:58  Overseer  
  115  10:15  Zergling x10  
  115  10:16  Zergling x2  
  121  10:24  Zergling x20  
  121  10:27  Baneling x8  
  121  10:28  Baneling x2  
  131  10:36  Baneling x6  
  131  10:38  Zergling x8  
  135  10:44  Queen  
  137  10:52  Baneling x3  
  137  10:53  Baneling x5  
  137  10:54  Zergling x6  
  130  11:01  Drone x3  
  130  11:02  Drone  
  103  11:15  Zergling x2  
  103  11:16  Zergling x18  
  107  11:21  Zergling x2  
  107  11:22  Zergling x4  
  94  11:34  Mutalisk x2  
  97  11:41  Mutalisk x2  
  97  11:46  Queen  
  100  11:59  Zergling x16  
  105  12:03  Baneling x5  
  105  12:04  Baneling x2  
  105  12:05  Baneling  
  105  12:06  Baneling x2  
  105  12:23  Zergling x2  
  105  12:24  Zergling x18  
  115  12:30  Queen  
  115  12:33  Baneling  
  115  12:34  Baneling x4  
  115  12:37  Baneling x9  
  115  12:38  Baneling  
  115  12:39  Baneling x2  
  115  12:40  Baneling  
  115  12:46  Zergling x2  
  115  12:47  Zergling x6  
  119  12:52  Baneling x6  
  119  12:53  Baneling x2  
  119  12:58  Queen  
  121  13:06  Mutalisk  
  120  13:13  Zergling x14  
  89  13:35  Zergling x4  
  89  13:36  Zergling x26  
  104  13:48  Baneling  
  104  13:49  Baneling x11  
  104  13:50  Zergling x8  
  108  14:02  Zergling x4  
  110  14:03  Zergling x12  
  110  14:05  Baneling x5  
  110  14:06  Overseer  
  116  14:13  Zergling x6  
  116  14:14  Zergling x4  
  121  14:23  Baneling x13  
  121  14:24  Baneling  
  121  14:26  Zergling x2  
  121  14:27  Zergling x2  
  122  14:32  Baneling  
  122  14:33  Baneling x3  
  120  14:42  Zergling x10  
  120  14:43  Zergling x8  
  127  14:55  Zergling x2  
  127  14:56  Zergling x16  
  135  15:04  Queen  
  135  15:09  Zergling x2  
  135  15:15  Baneling x14  
  126  15:25  Zergling x2  
  126  15:26  Zergling x20  
  120  15:42  Zergling x22  
  107  15:55  Mutalisk x3  
  106  16:07  Baneling x5  
  106  16:08  Zergling x14  
Show
View Real Time Build Order
Export as new Build Order

LeeLee Terran 

Build Orders: Reaper Expand, Hellion Banshee, MMM Bio 

Get SALT Encoding   

  12  0:01  SCV  
  13  0:13  SCV  
  14  0:18  Supply Depot  
  14  0:25  SCV  
  15  0:40  SCV  
  15  0:41  Barracks  
  16  0:44  Refinery  
  16  0:52  SCV  
  17  1:04  SCV  
  18  1:17  SCV  
  19  1:29  Orbital Command  
  19  1:30  Reaper  
  20  1:40  Command Center  
  20  1:54  Supply Depot  
  20  1:55  SCV  
  21  2:02  Marine  
  21  2:05  Factory  
  21  2:08  SCV  
  23  2:23  Barracks Reactor  
  23  2:25  SCV  
  25  2:37  SCV  
  25  2:48  Command Center  
  25  2:49  SCV  
  25  2:50  Refinery  
  26  3:01  SCV  
  26  3:04  Hellion x2  
  31  3:08  Starport  
  31  3:14  Orbital Command  
  31  3:20  SCV  
  31  3:25  Barracks Tech Lab  
  32  3:32  Hellion x2  
  36  3:36  SCV  
  37  3:43  SCV  
  37  3:48  SCV  
  39  3:55  Hellion x2  
  43  3:57  SCV  
  43  4:00  SCV  
  45  4:05  Barracks Tech Lab  
  45  4:06  Banshee, Orbital Command  
  45  4:09  SCV  
  49  4:12  SCV  
  49  4:14  Supply Depot  
  50  4:21  SCV  
  55  4:24  SCV  
  55  4:25  Widow Mine x2  
  55  4:26  Marine  
  55  4:28  Stimpack  
  56  4:34  SCV  
  56  4:36  SCV  
  58  4:44  Barracks, Marine  
  58  4:45  Barracks  
  59  4:47  Orbital Command  
  59  4:57  SCV x2  
  59  4:58  Widow Mine x2  
  59  4:59  Starport Reactor  
  65  5:04  Engineering Bay  
  65  5:06  Refinery, Engineering Bay  
  65  5:07  Refinery  
  65  5:08  Supply Depot  
  65  5:09  SCV x2  
  65  5:14  SCV  
  68  5:19  Marine  
  69  5:30  SCV x3  
  69  5:34  Terran Infantry Weapons Level 1  
  69  5:35  Terran Infantry Armor Level 1  
  72  5:38  Missile Turret  
  72  5:39  Supply Depot  
  72  5:40  Supply Depot  
  72  5:42  SCV x2, Supply Depot  
  73  5:47  Widow Mine  
  73  5:48  Widow Mine  
  73  5:49  Medivac x2  
  72  5:51  Barracks Reactor  
  72  5:52  Marine  
  69  5:58  SCV x3  
  69  6:00  Barracks Reactor  
  63  6:11  SCV  
  63  6:12  SCV x2  
  66  6:18  Marine  
  67  6:28  Missile Turret  
  67  6:30  Missile Turret  
  66  6:35  Marine x2  
  66  6:36  Marine, Widow Mine x2  
  66  6:38  SCV  
  66  6:39  SCV  
  71  6:49  Barracks  
  71  6:53  Marine  
  71  6:54  Barracks, Marine x2  
  72  6:55  Marine x2  
  72  6:56  Medivac x2  
  80  7:04  Widow Mine x2  
  80  7:07  Supply Depot x2  
  83  7:08  Supply Depot  
  83  7:11  Marine  
  83  7:14  Marine  
  85  7:16  Orbital Command  
  85  7:29  Medivac, Marine x4  
  93  7:30  SCV x2  
  93  7:32  Medivac, Marine  
  93  7:35  Supply Depot  
  96  7:38  Supply Depot  
  96  7:43  SCV x3  
  99  7:46  Marine x3  
  102  7:52  Armory  
  102  7:55  SCV x2  
  102  7:56  SCV  
  105  8:03  Medivac  
  105  8:05  Marine x6  
  111  8:07  SCV  
  111  8:08  SCV  
  115  8:18  SCV  
  115  8:19  SCV  
  117  8:20  SCV  
  117  8:22  Marine  
  117  8:23  Marine x5  
  117  8:24  Armory, Barracks Reactor  
  117  8:26  Refinery  
  120  8:27  Barracks  
  120  8:31  Barracks  
  120  8:40  Starport Reactor  
  120  8:43  SCV x3  
  120  8:45  Missile Turret  
  120  8:46  Barracks  
  120  8:47  Marine x2  
  125  8:55  Barracks Tech Lab  
  125  8:58  Supply Depot  
  125  9:00  Supply Depot  
  125  9:02  Supply Depot  
  125  9:18  Marine  
  125  9:19  SCV, Widow Mine x2, Marine  
  125  9:20  Marine x3  
  120  9:37  SCV x3  
  116  9:38  Marine  
  116  9:39  Marine x7  
  116  9:40  Marine x3  
  116  9:41  Medivac x2  
  131  9:48  Supply Depot  
  131  9:49  Combat Shields, Supply Depot  
  131  9:52  Supply Depot  
  131  9:56  Marine, Widow Mine x2  
  131  9:57  Marine x5  
  137  10:09  Supply Depot, Marine x4  
  137  10:11  Supply Depot, SCV x3, Marine  
  137  10:12  Supply Depot  
  141  10:14  Marine x5  
  146  10:23  Marine  
  146  10:24  Medivac x2  
  151  10:29  Supply Depot  
  151  10:30  Supply Depot  
  151  10:31  Supply Depot  
  151  10:32  Barracks Tech Lab x2  
  151  10:33  Barracks Tech Lab  
  151  10:44  Marine x7  
  151  10:47  Command Center  
  158  10:50  Marine x2  
  158  10:51  Marine x2  
  156  11:02  Marine x7  
  133  11:08  Marine x3  
  133  11:09  Marine  
  112  11:14  SCV  
  86  11:19  Marine  
  86  11:20  Marine x6  
  81  11:26  Marine  
  68  11:33  Orbital Command  
  68  11:35  Orbital Command  
  68  11:37  Marine  
  68  11:38  Marine x6  
  67  11:44  Marine  
  65  11:55  Marine  
  65  11:56  Marine x3  
  69  12:03  SCV x3  
  69  12:06  Terran Infantry Weapons Level 2  
  72  12:08  Marine x2  
  72  12:12  Marine x3  
  72  12:13  Marine x3  
  80  12:17  Marine  
  80  12:18  Widow Mine  
  80  12:20  Widow Mine  
  85  12:27  SCV x3  
  88  12:37  Marine  
  88  12:38  Marine x5  
  88  12:43  Marine x3  
  97  12:54  Widow Mine  
  97  12:55  Marine, Widow Mine  
  97  12:56  Marine  
  107  13:00  Marine  
  107  13:01  SCV x2  
  107  13:02  SCV  
  107  13:13  Marine x2  
  107  13:14  Medivac x2, Marine x3  
  107  13:15  Marine  
  117  13:20  Marine x2  
  93  13:29  Marine  
  93  13:31  Marine x4  
  93  13:32  SCV  
  81  13:41  Marine x3  
  84  13:55  Marine  
  84  13:56  Marine x3  
  86  14:06  Marine x5  
  91  14:17  Marine  
  91  14:18  Marine x3  
  91  14:24  Marine x3  
  96  14:28  Marine x2  
  100  14:35  Marine, Orbital Command  
  100  14:36  Marine x3  
  104  14:42  Widow Mine, Marine  
  104  14:43  Widow Mine  
  102  15:01  Marine x9  
  102  15:02  Medivac  
  102  15:05  Orbital Command  
  110  15:18  Marine  
  108  15:30  Marine x8  
  116  15:41  Marine  
  75  15:45  Orbital Command  
  75  15:46  Widow Mine  
  75  15:48  Marine x5  
  79  15:53  Marine  
  79  15:54  Marine x2  
  81  16:01  Marine  
  78  16:05  Marine  
  78  16:06  Marine  
  78  16:07  Marine  
Tags
 
Add a new tag
Caveats
  • Supply blocks, unpowered buildings, or Contaminate may cause inaccurate times.
  • Supply counts are checked every 10 seconds.